Map: Lost and Found LE

Players

Yamapickle - Winner!

  • Race: Zerg Zerg
  • League: Diamond
  • Spawn Location: 1:00

Kazuke

  • Race: Zerg Zerg
  • League: Diamond
  • Spawn Location: 7:00

VOD

Have the link to the VOD?

Description

Time

  • Played on: July 23, 2018, 6:38 p.m.
  • Length: 17:40
Show
View Real Time Build Order
Export as new Build Order

Yamapickle Zerg - Winner!

Build Orders: Hatch First 

Get SALT Encoding   

  12  0:01  Drone  
  13  0:14  Overlord  
  13  0:16  Drone  
  14  0:32  Drone x2  
  16  0:36  Drone  
  17  0:52  Hatchery  
  17  0:56  Drone  
  17  0:59  Drone  
  17  1:01  Extractor  
  17  1:16  Spawning Pool  
  17  1:18  Drone  
  17  1:21  Drone  
  18  1:30  Drone  
  19  1:40  Overlord  
  19  1:51  Drone  
  20  2:02  Metabolic Boost  
  20  2:03  Queen  
  20  2:04  Queen  
  20  2:07  Drone  
  25  2:11  Drone  
  26  2:19  Drone x2  
  28  2:24  Drone  
  28  2:28  Evolution Chamber  
  28  2:32  Zergling x2  
  28  2:35  Zergling x2  
  30  2:37  Zergling x2  
  31  2:52  Hatchery  
  31  2:57  Baneling Nest  
  29  3:09  Zerg Melee Weapons Level 1  
  29  3:12  Zergling x8  
  33  3:16  Overlord  
  33  3:26  Zergling x2  
  33  3:27  Zergling x4  
  36  3:34  Overlord  
  36  3:41  Zergling x2  
  36  3:42  Zergling x6  
  39  3:53  Zergling x4  
  38  3:56  Zergling x2  
  38  3:57  Baneling x2  
  38  4:01  Zergling x2  
  39  4:05  Baneling  
  39  4:06  Baneling  
  39  4:07  Zergling x4  
  32  4:22  Zergling x4  
  32  4:23  Zergling x4  
  36  4:28  Zergling x4  
  35  4:32  Zergling x2  
  35  4:36  Zergling x2  
  35  4:40  Zergling x2  
  36  4:50  Zergling x6  
  36  4:51  Queen  
  39  4:54  Baneling x2  
  39  4:57  Zergling x2  
  39  4:58  Zergling x2  
  39  5:01  Drone  
  39  5:05  Zergling x2  
  38  5:16  Zergling x10  
  43  5:27  Baneling x3  
  43  5:29  Zergling x2  
  43  5:30  Zergling x4  
  46  5:39  Zerg Ground Armor Level 1  
  45  5:49  Zergling x4  
  40  5:50  Zergling x4  
  40  5:55  Zergling x2  
  41  6:08  Drone x2  
  41  6:09  Drone x3  
  46  6:12  Drone  
  47  6:21  Baneling x3  
  47  6:31  Lair  
  47  6:33  Extractor  
  47  6:34  Extractor x2  
  43  6:52  Zergling x14  
  48  6:56  Zergling x4  
  50  7:04  Zergling x2  
  47  7:09  Zergling x2  
  47  7:10  Zergling x6  
  47  7:13  Zergling x4  
  50  7:17  Zergling x2  
  48  7:26  Baneling x2  
  48  7:27  Baneling  
  48  7:35  Drone x2  
  48  7:36  Drone x2  
  46  7:54  Zergling x2  
  46  7:55  Zergling x10  
  43  8:10  Spire  
  42  8:17  Overlord  
  42  8:23  Drone x2  
  42  8:24  Drone  
  45  8:41  Zergling x8  
  48  9:07  Drone  
  49  9:22  Zerg Flyer Weapons Level 1, Mutalisk  
  49  9:23  Mutalisk x3  
  57  9:27  Overlord x2  
  57  9:42  Overlord  
  57  9:47  Mutalisk  
  57  9:48  Mutalisk x2  
  63  9:59  Mutalisk, Drone  
  66  10:10  Mutalisk x2  
  69  10:17  Drone, Mutalisk  
  69  10:19  Mutalisk  
  74  10:29  Mutalisk  
  76  10:38  Mutalisk x2  
  76  10:51  Zergling x2  
  76  10:52  Zergling x8  
  74  11:02  Zergling x8  
  77  11:08  Mutalisk  
  79  11:12  Drone x2  
  79  11:18  Zergling x4  
  81  11:26  Overlord  
  80  11:37  Mutalisk x2  
  81  11:44  Zerg Melee Weapons Level 2  
  81  11:47  Zergling x4  
  77  12:06  Zergling x16  
  83  12:20  Mutalisk  
  83  12:21  Mutalisk x2  
  89  12:29  Zergling x2  
  89  12:32  Zerg Flyer Weapons Level 2  
  87  12:42  Zergling x8  
  86  12:57  Mutalisk x3  
  89  13:07  Zergling x2  
  88  13:21  Roach Warren  
  87  13:33  Mutalisk x2  
  89  13:35  Overlord x3  
  89  13:39  Centrifical Hooks  
  87  14:04  Zergling x2  
  87  14:05  Zergling x16  
  87  14:07  Baneling  
  87  14:08  Baneling x2  
  96  14:10  Baneling x2  
  94  14:23  Baneling x3  
  94  14:24  Baneling  
  92  14:43  Mutalisk  
  92  14:44  Mutalisk x5  
  94  15:04  Zergling x12  
  86  15:15  Zerg Flyer Armor Level 1  
  86  15:17  Zergling x2  
  86  15:18  Zergling x8  
  91  15:26  Drone  
  82  15:43  Zergling x10  
  87  15:53  Baneling x10  
  87  15:55  Drone x2  
  87  15:56  Drone x2  
  91  16:05  Overseer  
  91  16:06  Zergling x6  
  91  16:07  Zergling x2  
  91  16:10  Zergling x2  
  96  16:11  Baneling  
  96  16:19  Drone x3  
  96  16:25  Overseer  
  99  16:42  Zergling x10  
  99  16:43  Zergling x4  
  99  16:44  Baneling x3  
  99  16:45  Baneling x6, Overlord  
  102  17:04  Zergling x10  
Show
View Real Time Build Order
Export as new Build Order

Kazuke Zerg 

Build Orders: Hatch First 

Get SALT Encoding   

  12  0:01  Drone  
  13  0:12  Overlord  
  13  0:16  Drone  
  14  0:31  Drone x2  
  14  0:35  Drone  
  17  0:56  Hatchery, Drone  
  17  1:02  Extractor, Drone  
  17  1:16  Spawning Pool  
  16  1:31  Drone x2  
  16  1:32  Drone  
  19  1:42  Overlord  
  19  2:02  Queen  
  19  2:05  Metabolic Boost  
  19  2:07  Queen  
  23  2:08  Zergling x2  
  23  2:10  Zergling x2  
  23  2:14  Drone  
  26  2:20  Drone x2  
  28  2:25  Drone  
  29  2:33  Drone  
  30  2:37  Overlord  
  30  2:45  Zergling x2  
  30  2:49  Zergling x2, Baneling Nest  
  31  2:52  Zergling x2  
  32  2:59  Zergling x2  
  33  3:12  Zergling x6  
  35  3:21  Zergling x12  
  35  3:24  Drone  
  42  3:37  Baneling, Hatchery  
  42  3:40  Zergling x2  
  42  3:41  Zergling x2  
  43  3:46  Zergling x2  
  44  3:48  Zergling x2  
  44  3:50  Baneling x3  
  44  3:53  Zergling x2  
  44  3:55  Overlord  
  43  4:00  Zergling x2  
  43  4:05  Zergling x6  
  43  4:14  Zergling x4  
  43  4:15  Zergling x2  
  41  4:27  Baneling x3  
  41  4:28  Zergling x6  
  33  4:39  Drone  
  33  4:40  Drone  
  35  4:51  Drone x2  
  36  4:59  Drone x2  
  38  5:01  Drone x2  
  38  5:05  Drone x4  
  37  5:14  Zergling x8  
  37  5:21  Zergling x2  
  41  5:28  Baneling x5  
  41  5:30  Zergling x6  
  42  5:35  Zergling x2  
  42  5:36  Zergling x6  
  42  5:39  Drone  
  46  5:43  Drone x2  
  45  5:52  Baneling x2  
  45  5:53  Baneling x2  
  45  5:57  Drone x5  
  47  6:02  Spine Crawler  
  49  6:11  Zergling x10  
  50  6:18  Baneling x3  
  54  6:21  Baneling x2  
  54  6:24  Drone x3  
  57  6:31  Zergling x2  
  58  6:34  Overlord x3  
  57  6:54  Drone x2  
  57  6:55  Drone x6  
  64  7:02  Baneling x5  
  61  7:10  Zergling x10  
  61  7:11  Zergling x2  
  64  7:16  Queen  
  64  7:18  Drone x2  
  66  7:23  Roach Warren  
  66  7:24  Evolution Chamber  
  66  7:26  Zergling x2  
  66  7:27  Zergling x2  
  66  7:30  Baneling x3  
  66  7:31  Baneling  
  66  7:35  Zergling x4  
  68  7:50  Queen  
  64  7:58  Baneling x3, Drone x3  
  62  7:59  Drone x7  
  72  8:12  Roach x3  
  78  8:15  Extractor  
  78  8:16  Extractor  
  78  8:17  Drone x5  
  78  8:18  Extractor  
  80  8:22  Evolution Chamber  
  79  8:28  Evolution Chamber x2  
  73  8:54  Roach x4  
  81  9:00  Evolution Chamber  
  80  9:16  Queen  
  80  9:17  Extractor  
  81  9:18  Overlord x3, Hatchery  
  81  9:19  Overlord x3  
  80  9:27  Zerg Missile Weapons Level 1  
  80  9:28  Zerg Ground Armor Level 1  
  80  9:30  Zergling x2  
  81  9:32  Overlord  
  81  9:33  Overlord  
  81  9:34  Hatchery  
  80  9:47  Roach x7  
  80  9:48  Roach x3  
  80  9:50  Zergling x6, Roach x2  
  107  9:57  Hatchery  
  106  10:02  Drone x3  
  109  10:10  Ravager x2  
  109  10:11  Ravager  
  111  10:22  Drone x5  
  111  10:23  Drone  
  111  10:28  Spore Crawler  
  116  10:30  Spore Crawler  
  116  10:31  Spore Crawler  
  116  10:32  Spore Crawler  
  116  10:34  Spore Crawler  
  112  10:36  Drone x4  
  112  10:37  Drone x7  
  112  10:38  Lair  
  112  10:41  Spore Crawler  
  122  10:49  Spore Crawler, Drone x3  
  122  10:50  Spore Crawler, Drone  
  104  11:07  Zergling x2  
  104  11:08  Zergling x14  
  91  11:20  Drone x2  
  91  11:21  Drone x2  
  91  11:24  Zergling x8  
  91  11:25  Zergling x2  
  96  11:26  Spore Crawler, Spine Crawler  
  96  11:28  Spore Crawler, Spine Crawler, Roach  
  90  11:34  Zergling x4  
  90  11:35  Zergling x6  
  90  11:46  Hydralisk Den  
  83  11:53  Roach x4  
  83  11:54  Roach x7  
  94  12:01  Queen  
  97  12:12  Hydralisk Den  
  97  12:15  Hydralisk Den  
  95  12:22  Queen x2  
  86  12:41  Hydralisk x4  
  86  12:42  Hydralisk x7  
  98  12:48  Grooved Spines  
  89  12:59  Burrow, Hydralisk x5  
  97  13:12  Extractor  
  96  13:23  Roach x5  
  96  13:24  Roach x3  
  112  13:49  Extractor  
  112  13:51  Extractor  
  112  13:54  Roach  
  112  13:55  Roach x7  
  124  13:56  Roach x2  
  124  14:01  Glial Reconstitution  
  126  14:19  Hatchery  
  126  14:22  Hydralisk x4  
  124  14:29  Hydralisk  
  126  14:33  Zergling x2  
  126  14:34  Zergling x8, Hatchery  
  116  14:46  Hydralisk x3  
  117  14:56  Hydralisk x2  
  117  14:58  Zergling x12  
  117  15:02  Hydralisk  
  117  15:03  Zergling x2  
  106  15:18  Queen x2  
  110  15:24  Drone x7  
  110  15:25  Drone  
  110  15:27  Hatchery  
  117  15:40  Hydralisk x5  
  116  15:52  Zergling x4, Infestation Pit  
  116  15:53  Zergling x6  
  120  15:59  Hatchery  
  120  16:01  Overlord x2  
  119  16:12  Overlord  
  119  16:13  Overlord  
  119  16:20  Roach x3  
  119  16:25  Baneling x4  
  125  16:26  Baneling x2  
  120  16:37  Hydralisk  
  120  16:39  Zergling x8  
  126  16:43  Roach  
  128  16:52  Hydralisk  
Tags
 
Add a new tag
Caveats
  • Supply blocks, unpowered buildings, or Contaminate may cause inaccurate times.
  • Supply counts are checked every 10 seconds.